 Seeded DCSS version 0.26-a0-863-g3bff4b215c (webtiles) character file.

Game seed: 15338515629108707986 (custom seed)

49 karrick the Chopper (level 3, 0/27 HPs)
             Began as a Demonspawn Gladiator on Nov 26, 2020.
             Slain by Grinder (3 damage)
             ... on level 3 of the Dungeon.
             The game lasted 00:01:52 (1220 turns).

karrick the Chopper (Demonspawn Gladiator)          Turns: 1220, Time: 00:01:52

Health: 0/27       AC:  4    Str: 14    XL:     3   Next: 53%
Magic:  3/3        EV: 13    Int: 10    God:
Gold:   44         SH:  0    Dex: 14    Spells: 2/2 levels left

rFire    . . .     SeeInvis .   a - +0 war axe
rCold    . . .     Faith    .   (no shield)
rNeg     . . .     Spirit   .   b - +0 leather armour
rPois    .         Reflect  .   c - +0 helmet
rElec    .         Harm     .   (no cloak)
rCorr    .         Rampage  .   (no gloves)
MR       .....                  (no boots)
Stlth    +.........             (no amulet)
HPRegen  0.09/turn              (no ring)
MPRegen  0.08/turn              (no ring)

@: no status effects
A: powered by death 2
a: no special abilities


You were on level 3 of the Dungeon.
You visited 1 branch of the dungeon, and saw 3 of its levels.

You collected 44 gold pieces.

Inventory:

Hand Weapons
 a - a +0 war axe (weapon)
Missiles
 d - 3 throwing nets (quivered)
Armour
 b - a +0 leather armour (worn)
 c - a +0 helmet (worn)
Scrolls
 f - 2 scrolls of fog {unknown}
 g - a scroll of teleportation {unknown}
 h - 3 scrolls of remove curse
 k - 4 scrolls of identify {unknown}
 l - a scroll of immolation {unknown}
Potions
 e - 2 potions of curing {unknown}
 i - a potion of mutation {unknown}
 j - a potion of lignification {unknown}
 m - a potion of cancellation {unknown}


   Skills:
 + Level 2.2 Fighting
 + Level 3.5 Axes
 - Level 1.7 Throwing
 + Level 0.4 Armour
 + Level 3.1 Dodging
 + Level 0.6 Stealth


You had 2 spell levels left.
You didn't know any spells.
Your spell library was empty.

Dungeon Overview and Level Annotations

Branches:
Dungeon (3/15)

Altars:
Cheibriados

Annotations:
D:3 Grinder


Innate Abilities, Weirdness & Mutations

You regenerate health from kills.


Message History

You barely miss the kobold. The kobold hits you but does no damage.
You barely miss the kobold. The kobold barely misses you.
The kobold closely misses you.
You miss the kobold. Grinder gestures at you.
You suddenly lose the ability to move!
The kobold hits you.
Grinder says, "Just stop there for a second..."
The kobold hits you but does no damage. Grinder hits you.
You writhe in agony.
The kobold hits you but does no damage. Grinder hits you.
You writhe in agony.
The kobold hits you.
* * * LOW HITPOINT WARNING * * *
Grinder hits you but does no damage. The kobold hits you but does no damage.
Grinder hits you but does no damage. The kobold hits you but does no damage.
You can move again.
You hit Grinder.
Grinder is lightly wounded.
You closely miss the kobold. Grinder hits you.
* * * LOW HITPOINT WARNING * * *
You writhe in agony.
You die...

#.# #####.#
#.# #.# #5#
#.# #.# #.#
#.# #.# #.#
#.# #.# #.#
#.#########
#.#
#((.5@K...#
#.#
#########.#
... #.#
..ยง ...


You could see Grinder and a kobold.

Vanquished Creatures
  An adder (D:2)
  A dart slug (D:1)
  A leopard gecko (D:2)
  An orc (D:3)
  A ball python (D:3)
  2 giant cockroaches (D:1)
  8 goblins (D:1)
  4 hobgoblins (D:1)
  3 kobolds
  7 bats
  3 frilled lizards (D:1)
  A rat (D:1)
33 creatures vanquished.

Notes
Turn   | Place    | Note
-------+----------+-------------------------------------------
     0 | D:1      | karrick the Demonspawn Gladiator began the quest for the
                  | Orb.
     0 | D:1      | Reached XP level 1. HP: 16/16 MP: 1/1
   247 | D:1      | Gained mutation: You regenerate a little health from kills.
                  | [demonic ancestry]
   247 | D:1      | Reached XP level 2. HP: 22/22 MP: 2/2
   255 | D:1      | Found a snail-covered altar of Cheibriados.
   612 | D:1      | Gained mutation: You regenerate health from kills. [demonic
                  | ancestry]
   612 | D:1      | Reached XP level 3. HP: 27/27 MP: 3/3
  1152 | D:3      | Noticed Grinder
  1214 | D:3      | Paralysed by Grinder for 6 turns
  1220 | D:3      | Slain by Grinder

Illustrated notes

Levels and vault maps discovered:
D:1:      eino_arrival_cavern_b, layout_loops_ring, cheibriados_altar_1
D:2:      wad_crossroads, layout_basic, uniq_sigmund
D:3:      layout_loops_ring, elyvilon_altar_4, uniq_jessica, uniq_grinder,
          uniq_robin

Skill      XL: |  1  2 |
---------------+-------+-----
Axes           | 3 |  3.5
Dodging        | 3 |  3.1
Fighting       | |  2.2
Throwing       | |  1.7
Armour         | |  0.4
Stealth        | |  0.6

Action                   || total
-------------------------++-------
Melee: War axe           ||    90
  Use: Scroll            ||     1
 Stab: Sleeping          ||     1
Armor: Leather armour    ||    40
Dodge: Dodged            ||    70

Table legend: (Time is in decaauts)
 A = Elapsed time spent in this place.
 B = Non-inter-level travel time spent in this place.
 C = Inter-level travel time spent in this place.
 D = Time resting spent in this place.
 E = Time spent auto-exploring this place.
 F = Levels seen in this place.
 G = Mean time per level.
                   A        B        C        D        E       F      G
               +--------+--------+--------+--------+--------+-----+--------+
         Total |   1250 |   1225 |     25 |      0 |    896 |   3 |  416.7 |
       Dungeon |   1250 |   1225 |     25 |      0 |    896 |   3 |  416.7 |
               +--------+--------+--------+--------+--------+-----+--------+

Top non-repeatable levels by time:
     D:1: 953 daAuts
     D:3: 226 daAuts
     D:2: 71 daAuts
